 Dungeon Crawl Stone Soup version 0.19.5 (webtiles) character file.

116 KyrSir05 the Bolt Thrower (level 4, -2/40 HPs)
             Began as a Deep Dwarf Hunter on Apr 26, 2017.
             Slain by an orc
             ... wielding a +0 club
              (3 damage)
             ... on level 3 of the Dungeon.
             The game lasted 00:17:43 (2033 turns).

KyrSir05 the Bolt Thrower (Deep Dwarf Hunter)       Turns: 2033, Time: 00:17:43

Health: -2/40      AC:  4    Str: 16    XL:     4   Next: 70%
Magic:  11/11      EV: 12    Int: 12    God:
Gold:   88         SH:  0    Dex: 13    Spells: 0 memorised, 3 levels left

rFire  . . .     SeeInvis .     a - +2 hand crossbow
rCold  . . .     Gourm    .     c - +1 leather armour
rNeg   . . .     Faith    .     (no shield)
rPois  .         Spirit   .     (no helmet)
rElec  .         Reflect  .     (no cloak)
rCorr  .         Harm     .     (no gloves)
MR     .....                    (no boots)
Stlth  ++........               (no amulet)
                                (no ring)
                                g - ring of magical power

@: non-regenerating
A: damage resistance, recharge devices, sense surroundings 1, slow regeneration
3
a: Device Recharging


You were on level 3 of the Dungeon.
You were not hungry.

You visited 1 branch of the dungeon, and saw 3 of its levels.

You collected 88 gold pieces.

Inventory:

Hand Weapons
 a - a +2 hand crossbow (weapon)
 b - a +0 short sword
 h - a +0 dagger
 j - a +0 club
 s - a +0 hunting sling
 x - a +0 club
 C - a cursed -1 hunting sling
Missiles
 n - 22 stones (quivered)
 p - 18 arrows
 w - 29 poisoned needles
Armour
 c - a +1 leather armour (worn)
 l - a +0 hat
 o - a +0 robe
 y - a +0 leather armour
 D - a +0 shield
Jewellery
 g - a ring of magical power (left hand)
Wands
 e - a wand of heal wounds (8/9)
Scrolls
 q - 2 scrolls of enchant armour
 v - a scroll of enchant weapon
 B - 2 scrolls of noise
Potions
 k - a potion of lignification {unknown}
 m - a potion of brilliance {unknown}
 t - a potion of magic {unknown}
 u - 2 potions of heal wounds {unknown}
 z - a potion of curing {unknown}
Comestibles
 f - 3 bread rations
 i - 8 fruits
 r - 2 chunks of flesh


   Skills:
 + Level 2.6 Fighting
 + Level 5.2 Crossbows
 + Level 1.2 Throwing
 + Level 1.6 Armour
 + Level 2.7 Dodging
 + Level 1.4 Stealth


You had 3 spell levels left.
You didn't know any spells.

Dungeon Overview and Level Annotations

Branches:
Dungeon (3/15)

Altars:


Innate Abilities, Weirdness & Mutations

You are resistant to damage.
You can recharge devices by infusing magical energy.
You passively map a small area around you.
You do not regenerate.


Message History

The orc hits you with a war axe.
* * * LOW HITPOINT WARNING * * *
Throwing (i - inventory):
n - 24 stones (quivered)
Press: ? - help, Shift-Dir - straight line, f/p - orc
Aim: an orc, wielding a war axe (heavily wounded)
You throw a stone.
The stone hits the orc but does no damage.
The orc is heavily wounded.
The centaur skeleton misses you. The orc hits you but does no damage. x2
The orc closely misses you. The centaur skeleton hits you.
* * * LOW HITPOINT WARNING * * *
Throwing (i - inventory):
n - 23 stones (quivered)
Press: ? - help, Shift-Dir - straight line, f/p - orc
Aim: an orc, wielding a war axe (heavily wounded)
You throw a stone. The stone hits the orc.
The orc is almost dead.
The orc barely misses you. The centaur skeleton hits you.
* * * LOW HITPOINT WARNING * * *
The orc closely misses you. The orc hits you with a club.
You die...

, #.....#
* #.....#
, #.$...#
#.<...#
#....(#
#.((..#, ,
, #(Z)..#
* #.@o..#
* #ooo..#
** #.....#
* ......#
,
*.......#*
#.......#*
, ,
#.......#
#.......#
*


You could see 4 orcs and a centaur skeleton.

Vanquished Creatures
  Ijyb (D:2)
  Natasha (D:2)
  2 adders (D:2)
  6 orcs (D:3)
  A ball python (D:1)
  4 giant cockroaches
  6 goblins
  5 hobgoblins
  3 jackals (D:2)
  3 bats
  2 frilled lizards (D:1)
  4 kobolds (D:2)
  5 rats
43 creatures vanquished.

Notes
Turn   | Place    | Note
-------+----------+-------------------------------------------
     0 | D:1      | KyrSir05 the Deep Dwarf Hunter began the quest for the Orb.
     0 | D:1      | Reached XP level 1. HP: 19/19 MP: 1/1
   787 | D:1      | Reached XP level 2. HP: 26/26 MP: 1/1
  1177 | D:1      | Reached skill level 5 in Crossbows
  1301 | D:2      | Reached XP level 3. HP: 32/32 MP: 2/2
  1510 | D:2      | Reached skill level 1 in Armour
  1716 | D:2      | Noticed Ijyb
  1727 | D:2      | Killed Ijyb
  1727 | D:2      | Reached XP level 4. HP: 32/40 MP: 3/3
  1909 | D:2      | Noticed Natasha
  1916 | D:2      | Killed Natasha
  1916 | D:2      | Reached skill level 1 in Throwing
  2033 | D:3      | HP: 1/40 [centaur skeleton (3)]
  2033 | D:3      | Slain by an orc

Skill      XL: |  1  2  3  4 |
---------------+-------------+-----
Crossbows      | 5 |  5.2
Fighting       | 2 |  2.6
Armour         | 1 |  1.6
Throwing       | 1 |  1.2
Dodging        | |  2.7
Stealth        | |  1.4

Action                   |  1- 3 |  4- 6 || total
-------------------------+-------+-------++-------
Melee: Hand crossbow     |    24 |     1 ||    25
 Fire: Hand crossbow     |    63 |    11 ||    74
Throw: Stone             |    13 |     6 ||    19
       Javelin           |    12 |    18 ||    30
 Abil: Device Recharging |     1 |     1 ||     2
Evoke: Wand              |     2 |     2 ||     4
  Use: Scroll            |     8 |     1 ||     9
  Eat: Chunk             |     2 |       ||     2
       Beef jerky        |       |     1 ||     1
Armor: Leather armour    |    45 |    11 ||    56
Dodge: Dodged            |   133 |    36 ||   169
